 Dungeon Crawl Stone Soup version 0.32-a0-791-gfc315c9ecd (webtiles) character file.

Game seed: 7617039243168599263

3455 ytrimaz the Grappler (level 10, -15/55 (58) HPs)
             Began as an Octopode Shapeshifter on Mar 20, 2024.
             Was an Initiate of Ashenzari.
             Killed from afar by a gargoyle (25 damage)
             ... with a stone arrow
             ... on level 7 of the Dungeon.
             The game lasted 00:08:16 (6994 turns).

ytrimaz the Grappler (Octopode Shapeshifter)        Turns: 6994, Time: 00:08:17

HP:   -15/55 (58)   AC:  5    Str: 16    XL:     10   Next: 6%
MP:   10/10         EV: 16    Int: 22    God:    Ashenzari [......]
Gold: 255           SH:  0    Dex:  9    Spells: 9/9 levels left

rFire   + .          .
                       - Unarmed
rCold   . . .        (shield currently unavailable)
rNeg    + . .        (helmet restricted)
rPois   +            u - amulet of the acrobat
rElec   .            j - ring of positive energy
rCorr   .            e - ring of see invisible
SInv    +            f - ring of protection from fire
Will    .....        A - ring "Wauntet" {rPois AC+4 Str+2 Int+5 Dex-2}
Stlth   ++           (no ring)
HPRegen 0.29/turn    (no ring)
MPRegen 0.12/turn    (no ring)
                     (no ring)

%: acrobat
@: about to teleport, flux-form, glowing, drained
A: glow, contaminating, almost no armour, amphibious, 8 rings, camouflage 1,
gelatinous body 1, (nimble swimmer 1), tentacles
a: Begin Untransformation, Renounce Religion


You were on level 7 of the Dungeon.
You worshipped Ashenzari.
Ashenzari was noncommittal.
You were something dangerously unstable.
You visited 2 branches of the dungeon, and saw 8 of its levels.

You collected 475 gold pieces.
You spent 220 gold pieces at shops.


Innate Abilities, Weirdness & Mutations

You are something dangerously unstable.
You glow with magical radiation, making you easy to see and hit.
Foes you strike become dangerously contaminated with magical radiation.
You are incapable of wielding weapons or throwing items.
You cannot wear most types of armour.
You are amphibious.
You can wear up to eight rings at the same time.
Your skin changes colour to match your surroundings (Stealth+).
Your rubbery body absorbs attacks. (AC +1, EV +1)
((You are camouflaged when in or above water. (Stealth+)))
You have tentacles for arms and can constrict up to eight enemies at once.


   Skills:
 - Level 1.0 Fighting
 - Level 2.0 Dodging
 - Level 7.0 Stealth
 + Level 11.5 Unarmed Combat
 - Level 7.0 Shapeshifting


You had 9 spell levels left.
You didn't know any spells.
Your spell library contained the following spells:

 Spells                   Type           Power      Damage    Failure   Level
 Apportation              Tloc           0%         N/A       17%         1
 Jinxbite                 Hex            0%         N/A       26%         2
 Call Canine Familiar     Summ           0%         N/A       45%         3
 Hailstorm                Conj/Ice       0%         3d5       45%         3
 Sigil of Binding         Hex            0%         N/A       45%         3
 Stone Arrow              Conj/Erth      0%         3d7       45%         3
 Summon Ice Beast         Ice/Summ       0%         N/A       45%         3
 Dimensional Bullseye     Hex/Tloc       0%         N/A       86%         4
 Alistair's Intoxication  Alch           0%         N/A       99%         5
 Summon Forest            Summ/Tloc      0%         N/A       99%         5
 Eringya's Noxious Bog    Alch           0%         4d6       100%        6
 Permafrost Eruption      Ice/Erth       0%         2x4d2     100%        6
 Sculpt Simulacrum        Ice/Alch       0%         N/A       100%        6
 Summon Hydra             Summ           0%         N/A       100%        7
 Lehudib's Crystal Spear  Conj/Erth      0%         10d2      100%        8
 Animate Armour           Summ/Erth      Unusable   N/A       N/A         4

Inventory:

Jewellery
 e - a ring of see invisible (right tentacle)
   (You found it on level 3 of the Dungeon)
 f - a ring of protection from fire (on tentacle)
   (You found it on level 5 of the Dungeon)
 j - a ring of positive energy (left tentacle)
   (You found it on level 1 of the Dungeon)
 u - an amulet of the acrobat (around mantle)
   (You found it on level 6 of the Dungeon)
 z - an amulet of guardian spirit
   (You took it off a gnoll sergeant on level 7 of the Dungeon)
 A - the ring "Wauntet" (on tentacle) {rPois AC+4 Str+2 Int+5 Dex-2}
   (You found it on level 5 of the Dungeon)

   [ring of protection]

   AC+4:      It affects your AC (+4).
   Str+2:     It affects your strength (+2).
   Int+5:     It affects your intelligence (+5).
   Dex-2:     It affects your dexterity (-2).
   rPois:     It protects you from poison.
 J - the ring of Lusuas {rF+ Str+6}
   (You found it on level 7 of the Dungeon)

   [ring of strength]

   Str+6:     It affects your strength (+6).
   rF+:       It protects you from fire.
 K - the ring "Ygriv" {rElec Will+ rCorr Int+6 Dex-4}
   (You found it on level 7 of the Dungeon)

   [ring of intelligence]

   Int+6:     It affects your intelligence (+6).
   Dex-4:     It affects your dexterity (-4).
   rElec:     It insulates you from electricity.
   Will+:     It increases your willpower.
   rCorr:     It protects you from acid and corrosion.
Talismans
 b - a beast talisman
 c - a flux talisman (active)
Wands
 x - a wand of flame (38) (quivered)
   (You found it on level 5 of the Dungeon)
 C - a wand of digging (6)
   (You bought it in a shop on level 6 of the Dungeon)
 E - a wand of polymorph (12)
   (You found it on level 6 of the Dungeon)
Scrolls
 g - a scroll of fog
 h - 2 scrolls of noise
 i - 2 scrolls of silence {unknown}
 k - 5 scrolls of teleportation
 l - 2 scrolls of enchant weapon
 m - 2 scrolls of revelation {unknown}
 n - a scroll of amnesia {unknown}
 q - 3 scrolls of vulnerability
 s - a scroll of immolation {unknown}
 y - 2 scrolls of butterflies {unknown}
 D - a scroll of acquirement {unknown}
 F - a scroll of enchant armour {unknown}
 H - a scroll of poison
Potions
 a - 2 potions of cancellation
 d - 2 potions of enlightenment
 o - a potion of mutation
 r - a potion of heal wounds
 t - 2 potions of curing
 v - a potion of resistance
 w - 3 potions of brilliance
 B - a potion of attraction {unknown}
 G - a potion of might
 I - a potion of magic {unknown}

Dungeon Overview and Level Annotations

Branches:
Dungeon (7/15) Zot: 26004  Temple (1/1) D:7 Zot: 5963

Altars:
Ashenzari
Cheibriados
Dithmenos
Elyvilon
Fedhas
Hepliaklqana
Kikubaaqudgha
Nemelex Xobeh
Ru
Trog
Uskayaw
Vehumet
Wu Jian
Xom
Yredelemnul
Zin
The Shining One

Shops:
D:6 *

Annotations:
D:3 3 runed translucent doors, jasper's ghost, amateur MDBe
D:7 exclusion: unseen horror, Jeremiah

##.#########โ€ ##..### # #..#
#..##...### ##.########
##.##.<.... #.#'..#.z.#
+#.#...### ##.####(## ##.##.###.
#[..##.#.# #...#..#.. ...
###.###)## ##...##.#.# # ...
##...###z# #..#..#...# #.#..
##.)#.##p## ##..#..##... ##.#..
##..##..##.9.##......(#...
......##.)##...###.####.....###!.
#.....#..##..##.# .##.###.###.#.#
#...#.##(.##[.# ##........)#.#
#...'#######################รท.#
#..............)....(.........#
##.#..#.โ€ ###.####.#...###.#.###
###.#..#...##.## #.###...#.#.###


You could see a skeletal warrior and a gargoyle.


Message History

The cyclops glows dangerously bright.
The cyclops barely misses you.
Unknown command.
You tentacle-slap the cyclops.
The cyclops shudders as magic cascades through it!
The cyclops twists and deforms.
You squeeze the cyclops! You tentacle-slap the cyclops.
The cyclops begins to glow.
The cyclops completely misses you.
You bludgeon the cyclops!
The cyclops glows dangerously bright.
You squeeze the cyclops!
Unknown command.
You bludgeon the cyclops!
You kill the cyclops!
Your Unarmed Combat skill increases to level 11!
You have reached level 10!
You feel clever. ๐Ÿ˜Ž HP[+5] MP[+1]
You now have 58 max hp (+5).
Your hp is fully restored (58).
Your mp is fully restored (10).
A skeletal warrior comes into view.
It is wielding a +2 dire flail of draining.
You see here 5 large rocks.
Unknown command.
An orc wizard comes into view. It is wielding a +0 dagger.
You see here the ring of Lusuas {rF+ Str+6}.
J - the ring of Lusuas {rF+ Str+6} The helpless orc wizard fails to defend itself.
You bludgeon the orc wizard!
The orc wizard begins to glow.
You grab the orc wizard. You squeeze the orc wizard.
You kill the orc wizard!
Things that are here:
a +0 dagger; a +0 robe; an orc corpse A vampire comes into view.
The vampire closely misses you. The vampire misses you.
You see here the ring "Ygriv" {rElec Will+ rCorr Int+6 Dex-4}.
K - the ring "Ygriv" {rElec Will+ rCorr Int+6 Dex-4} The vampire gestures wildly while chanting.
The vampire flickers and vanishes for a moment.
You hear a shout!
You barely miss the vampire. You grab the vampire.
You squeeze the vampire, but do no damage.
You constrict the vampire.
You hear a shout!
You tentacle-slap the vampire.
The vampire begins to glow.
You squeeze the vampire, but do no damage.
You constrict the vampire, but do no damage.
The vampire closely misses you. The vampire completely misses you.
Unknown command.
You tentacle-slap the vampire.
The vampire glows dangerously bright.
You squeeze the vampire, but do no damage.
You constrict the vampire. The vampire barely misses you.
The vampire closely misses you.
Unknown command.
You tentacle-slap the vampire.
The vampire shudders as magic cascades through it.
You squeeze the vampire, but do no damage.
You constrict the vampire.
The vampire hits you but does no damage.
The vampire bites you.
The vampire draws strength from your injuries! ๐Ÿ˜• HP[-3]
You take 3 damage, and now have 55/58 hp.
You tentacle-slap the vampire but do no damage.
The vampire begins to glow.
You constrict the vampire. The vampire draws life force from you.
The vampire is healed by the life force! ๐Ÿ˜• HP[-5]
You take 5 damage, and now have 50/58 hp.
You tentacle-slap the vampire.
The vampire glows dangerously bright.
You squeeze the vampire, but do no damage.
You constrict the vampire.
Unknown command.
You tentacle-slap the vampire.
The vampire shudders as magic cascades through it.
You squeeze the vampire.
You destroy the vampire!
The skeletal warrior hits you with a +2 dire flail of draining.
You partially resist.
You feel drained.
A centaur comes into view.
Your life force feels restored. ๐Ÿ˜• HP[-5]
You take 5 damage, and now have 45/58 hp.
Unknown command.
As you read the scroll of fear, it crumbles to dust.
You assume a fearsome visage.
The skeletal warrior is unaffected.
The centaur looks frightened!
The skeletal warrior misses you.
Unknown command.
A gargoyle comes into view. It is wielding a +0 flail. ๐Ÿ˜• HP[+1]
As you read the scroll of teleportation, it crumbles to dust.
You feel strangely unstable.
The skeletal warrior hits you with a +2 dire flail of draining!!
Ouch! That really hurt!
* * * LOW HITPOINT WARNING * * *
You partially resist.
You feel drained.
* * * LOW HITPOINT WARNING * * *
The gargoyle hurls a stone arrow at you.
The stone arrow hits you!!
You die...

Skill      XL: |  1  2  3  4  5  6  7  8  9 |
---------------+----------------------------+-----
Stealth        | 1 2 3 4 5 6 7 |  7.0
Unarmed Combat | 4 6 7 11 | 11.5
Shapeshifting  | 4 5 7 |  7.0
Fighting       | |  1.0
Dodging        | |  2.0

Action                     |  1- 3 |  4- 6 |  7- 9 | 10-12 || total
---------------------------+-------+-------+-------+-------++-------
  Melee: Unarmed           |    59 |    66 |   190 |     8 ||   323
         Constrict         |    19 |    13 |    39 |     2 ||    73
         Tentacles         |    14 |    15 |    51 |     7 ||    87
         Punch             |     2 |     4 |    10 |       ||    16
  Evoke: Wand              |       |       |     3 |       ||     3
    Use: Scroll            |     2 |     6 |     9 |     2 ||    19
         Potion            |       |     1 |     3 |       ||     4
   Stab: Sleeping          |     6 |     8 |    16 |     1 ||    31
         Distracted        |     1 |       |     1 |       ||     2
 Armour: Skin              |    22 |    31 |   100 |     5 ||   158
  Dodge: Dodged            |    26 |    20 |   122 |     7 ||   175
   Form: Flux              |       |       |     1 |       ||     1

Levels and vault maps discovered:
D:1:      sevenhm_arrival_forest_fort_large_4, layout_rooms,
          ebering_ecumenical_altar_webs, minmay_distorted
D:2:      layout_loops_ring, uniq_natasha, uniq_jessica, uniq_robin
D:3:      layout_rooms, gammafunk_ghost_nasty_kobolds, lemuel_flame_loot_1
D:4:      layout_rooms, nicolae_vehumet_radiance, kennysheep_pointless_box,
          hex_intersection, roderic_malta_cross
D:5:      kennysheep_steamy, layout_loops_ring,
          mainiacjoe_overflow_surrounded_room, kennysheep_little_box,
          mainiacjoe_overflow_cross_hatched
D:6:      layout_cave_pods, nicolae_wu_jian_immortal_techniques,
          lemuel_crystal_altar, serial_shops, shop
D:7:      minmay_the_grid_triangle_9x9_recursive_2
          [minmay_the_grid_triangle_9x9_prize_special,
          minmay_the_grid_triangle_9x9_dagger,
          minmay_the_grid_triangle_9x9_semitri,
          minmay_the_grid_triangle_9x9_pentomino_pain], layout_rooms,
          kennysheep_mini, lemuel_crystal_altar, minmay_temple_entry_fiery,
          uniq_maggie, uniq_jeremiah, uniq_prince_ribbit1
Temple:   chequers_temple_sunken

Notes
Turn   | Place    | Note
-------+----------+-------------------------------------------
     0 | D:1      | ytrimaz the Octopode Shapeshifter began the quest for the
                  | Orb.
     0 | D:1      | Reached XP level 1. HP: 13/13 MP: 1/1
     0 | D:1      | magus.rc [v1.9.6]
    79 | D:1      | Reached skill level 1 in Stealth
   151 | D:1      | Reached XP level 2. HP: 18/18 MP: 2/2
   165 | D:1      | Reached skill level 2 in Stealth
   384 | D:1      | You fall into a shaft and drop 1 floor!
   422 | D:1      | Reached XP level 3. HP: 21/23 MP: 3/3
   539 | D:1      | Found a faded altar of an unknown god.
   702 | D:2      | Noticed Robin
   710 | D:2      | Killed Robin
   711 | D:2      | Reached skill level 3 in Stealth
   716 | D:2      | HP: 4/23 [goblin/+0 dagger[Robin] (4)]
   910 | D:2      | You add the spells Summon Forest, Eringya's Noxious Bog and
                  | Summon Hydra to your library.
   947 | D:2      | Noticed Natasha
   961 | D:2      | Killed Natasha
   962 | D:2      | Reached XP level 4. HP: 26/28 MP: 4/4
   976 | D:2      | You pick up a book of Party Tricks and begin reading...
   976 | D:2      | You add the spells Apportation, Jinxbite and Alistair's
                  | Intoxication to your library.
  1117 | D:2      | Noticed Natasha
  1123 | D:2      | Killed Natasha
  1124 | D:2      | Reached skill level 4 in Stealth
  1285 | D:2      | Noticed Jessica
  1289 | D:2      | Killed Jessica
  1290 | D:2      | Reached XP level 5. HP: 20/33 MP: 5/5
  1377 | D:2      | Noticed Natasha
  1385 | D:2      | Killed Natasha
  1501 | D:2      | Reached skill level 5 in Stealth
  1723 | D:3      | Reached skill level 4 in Unarmed Combat
  1979 | D:3      | Found a runed translucent gate.
  1979 | D:3      | Found a runed translucent gate.
  1980 | D:3      | Found a runed translucent gate.
  1982 | D:3      | Noticed a kobold brigand
  1982 | D:3      | Noticed jasper's ghost (amateur MDBe)
  1990 | D:3      | Reached skill level 4 in Shapeshifting
  1990 | D:3      | Reached XP level 6. HP: 10/38 MP: 6/6
  1991 | D:3      | HP: 4/38 [orc/+0 mace (7)]
  2345 | D:4      | Found a radiant altar of Vehumet.
  2409 | D:4      | Reached skill level 6 in Stealth
  2627 | D:4      | Reached XP level 7. HP: 43/43 MP: 7/7
  2652 | D:4      | Reached skill level 7 in Stealth
  2761 | D:4      | You pick up a book of the Hunter and begin reading...
  2761 | D:4      | You add the spells Sigil of Binding, Call Canine Familiar
                  | and Dimensional Bullseye to your library.
  3291 | D:5      | Entered Level 5 of the Dungeon
  3354 | D:5      | Reached skill level 5 in Unarmed Combat
  3387 | D:5      | Found a white marble altar of Elyvilon.
  3412 | D:5      | Reached skill level 5 in Shapeshifting
  3678 | D:5      | Found a sparkling altar of Nemelex Xobeh.
  3794 | D:5      | You pick up a book of Armaments and begin reading...
  3794 | D:5      | You add the spells Stone Arrow and Lehudib's Crystal Spear
                  | to your library.
  4085 | D:5      | Noticed a steam dragon
  4087 | D:5      | Noticed a steam dragon
  4354 | D:5      | Identified the ring "Wauntet" {rPois AC+4 Str+2 Int+5
                  | Dex-2}
  4413 | D:5      | Found a bloodstained altar of Trog.
  4575 | D:5      | Killed a steam dragon
  4576 | D:5      | Reached skill level 6 in Unarmed Combat
  4576 | D:5      | Reached XP level 8. HP: 17/48 MP: 8/8
  4748 | D:5      | Reached skill level 6 in Shapeshifting
  5075 | D:6      | Found an ancient bone altar of Kikubaaqudgha.
  5120 | D:6      | You pick up a book of the Tundra and begin reading...
  5120 | D:6      | You add the spells Hailstorm, Summon Ice Beast, Permafrost
                  | Eruption and Sculpt Simulacrum to your library.
  5193 | D:6      | Found Ditteter's Assorted Antiques.
  5200 | D:6      | Bought a scroll labelled EHOAVO LUOLLUG for 32 gold pieces
  5200 | D:6      | Bought a scroll labelled ITROAL DAADGH for 32 gold pieces
  5200 | D:6      | Bought a sedimented brown potion for 28 gold pieces
  5200 | D:6      | Bought a jewelled gold wand for 128 gold pieces
  5390 | D:6      | Reached skill level 7 in Unarmed Combat
  5716 | D:6      | Found an ornate altar of the Wu Jian Council.
  6022 | D:7      | Reached skill level 7 in Shapeshifting
  6031 | D:7      | Reached XP level 9. HP: 37/53 MP: 9/9
  6085 | D:7      | Noticed Maggie
  6096 | D:7      | Killed Maggie
  6097 | D:7      | Reached skill level 8 in Unarmed Combat
  6140 | D:7      | Noticed an unseen horror
  6162 | D:7      | Found a staircase to the Ecumenical Temple.
  6168 | Temple   | Entered the Ecumenical Temple
  6186 | Temple   | Became a worshipper of Ashenzari the Shackled
  6316 | D:7      | Reached skill level 9 in Unarmed Combat
  6466 | D:7      | Identified the +4 whip "Arbiter" {speed, rN+}
  6486 | D:7      | Noticed Jeremiah
  6858 | D:7      | Noticed Prince Ribbit
  6866 | D:7      | Killed Prince Ribbit
  6867 | D:7      | Reached skill level 10 in Unarmed Combat
  6968 | D:7      | Noticed a cyclops
  6977 | D:7      | Killed a cyclops
  6978 | D:7      | Reached skill level 11 in Unarmed Combat
  6978 | D:7      | Reached XP level 10. HP: 58/58 MP: 10/10
  6978 | D:7      | Noticed a skeletal warrior
  6979 | D:7      | Identified the ring of Lusuas {rF+ Str+6}
  6983 | D:7      | Identified the ring "Ygriv" {rElec Will+ rCorr Int+6 Dex-4}
  6993 | D:7      | Noticed a gargoyle
  6994 | D:7      | HP: 13/58 [skeletal warrior/+2 dire flail of draining (33)]
  6994 | D:7      | Killed from afar by a gargoyle

Vanquished Creatures
  A cyclops (D:7)
  Maggie (D:7)
  Prince Ribbit (D:7)
  A vampire (D:7)
  2 steam dragons (D:5)
  2 water moccasins (D:7)
  An orc warrior (D:7)
  A sky beast (D:7)
  An ice beast (D:7)
  2 ogres
  2 centaurs
  A phantom (D:6)
  A bullfrog (D:7)
  2 kobold brigands (D:7)
  A gnoll sergeant (D:7)
  4 scorpions
  A wight (D:7)
  A howler monkey (D:5)
  4 hounds
  A jelly (D:5)
  5 orc priests
  A sleepcap (D:5)
  Jessica (D:2)
  Natasha (thrice) (D:2)
  5 orc wizards
  Robin (D:2)
  5 adders
  2 shadow imps (D:7)
  2 white imps
  4 ribbon worms
  3 dart slugs
  19 orcs
  5 ball pythons
  8 endoplasms
  6 giant cockroaches
  4 hobgoblins
  5 jackals
  2 quokkas
  4 bats
  6 frilled lizards
  9 goblins
  5 kobolds
  7 rats
143 creatures vanquished.

Vanquished Creatures (others)
  An endoplasm (D:3)
1 creature vanquished.

Grand Total: 144 creatures vanquished

Table legend:
 A = Non-vault XP
 B = Vault XP
 C = Vault XP percentage of total XP
 D = Non-vault monster count
 E = Vault monster count
 F = Vault count percentage of total count
                 A         B        C        D         E       F
            +---------+---------+-------+---------+---------+-------
      Total |    2263 |    2674 |  54.2 |     114 |      29 |  20.3
            +---------+---------+-------+---------+---------+-------
        D:1 |      36 |       3 |   7.7 |      21 |       2 |   8.7
        D:2 |     106 |     101 |  48.8 |      15 |      10 |  40.0
        D:3 |     113 |       0 |   0.0 |      15 |       0 |   0.0
        D:4 |     409 |       0 |   0.0 |      20 |       0 |   0.0
        D:5 |     393 |     364 |  48.1 |      19 |       2 |   9.5
        D:6 |     603 |       0 |   0.0 |       8 |       0 |   0.0
        D:7 |     603 |    2206 |  78.5 |      16 |      15 |  48.4
            +---------+---------+-------+---------+---------+-------

Skill      XL: |  1  2  3  4  5  6  7  8  9 |
---------------+----------------------------+-----
Stealth        | 1 2 3 4 5 6 7 |  7.0
Unarmed Combat | 4 6 7 11 | 11.5
Shapeshifting  | 4 5 7 |  7.0
Fighting       | |  1.0
Dodging        | |  2.0

Action                     |  1- 3 |  4- 6 |  7- 9 | 10-12 || total
---------------------------+-------+-------+-------+-------++-------
  Melee: Unarmed           |    59 |    66 |   190 |     8 ||   323
         Constrict         |    19 |    13 |    39 |     2 ||    73
         Tentacles         |    14 |    15 |    51 |     7 ||    87
         Punch             |     2 |     4 |    10 |       ||    16
  Evoke: Wand              |       |       |     3 |       ||     3
    Use: Scroll            |     2 |     6 |     9 |     2 ||    19
         Potion            |       |     1 |     3 |       ||     4
   Stab: Sleeping          |     6 |     8 |    16 |     1 ||    31
         Distracted        |     1 |       |     1 |       ||     2
 Armour: Skin              |    22 |    31 |   100 |     5 ||   158
  Dodge: Dodged            |    26 |    20 |   122 |     7 ||   175
   Form: Flux              |       |       |     1 |       ||     1

Illustrated notes

Table legend:
 A = Kills in this place as a percentage of kills in the entire game.
 B = Kills by you in this place as a percentage of kills by you in the entire game.
 C = Kills by friends in this place as a percentage of kills by friends in the entire game.
 D = Other kills in this place as a percentage of other kills in the entire game.
 E = Experience gained in this place as a percentage of experience gained in the entire game.
 F = Experience gained in this place divided by the number of levels of this place that you have seen.
                   A       B       C       D       E      F
               +-------+-------+-------+-------+-------+----------------------
         Total | 100.0 | 100.0 |   N/A |   N/A | 100.0 | 617.1
       Dungeon | 100.0 | 100.0 |   N/A |   N/A | 100.0 | 705.3
               +-------+-------+-------+-------+-------+----------------------

Table legend: (Time is in decaauts)
 A = Elapsed time spent in this place.
 B = Non-inter-level travel time spent in this place.
 C = Inter-level travel time spent in this place.
 D = Time resting spent in this place.
 E = Time spent auto-exploring this place.
 F = Levels seen in this place.
 G = Mean time per level.
                   A        B        C        D        E       F      G
               +--------+--------+--------+--------+--------+-----+--------+
         Total |   6973 |   6693 |    280 |    698 |   4897 |   8 |  871.6 |
       Dungeon |   6936 |   6690 |    246 |    698 |   4897 |   7 |  990.9 |
        Temple |     36 |      2 |     34 |      0 |      0 |   1 |   36.0 |
               +--------+--------+--------+--------+--------+-----+--------+

Top non-repeatable levels by time:
     D:5: 1671 daAuts
     D:2: 1105 daAuts
     D:7: 994 daAuts
     D:6: 979 daAuts
     D:4: 942 daAuts
     D:1: 664 daAuts
     D:3: 578 daAuts
  Temple: 36 daAuts
